 Dungeon Crawl Stone Soup version 0.30-a0-219-gf2db51d15e (webtiles) character file.

Game seed: 5152996915620461961

8 Iusername the Shield-Bearer (level 2, 6/6 HPs)
             Began as a Meteoran Fighter on Oct 5, 2022.
             Quit the game on level 1 of the Dungeon on Oct 6, 2022.
             The game lasted 00:02:48 (1181 turns).

Iusername the Shield-Bearer (Meteoran Fighter)      Turns: 1181, Time: 00:02:48

Health: 6/6        AC:  7    Str: 17    XL:     2   Next: 29%
Magic:  3/3        EV:  9    Int:  9    God:
Gold:   0          SH:  5    Dex: 13    Spells: 1/1 levels left

rFire   . . .      SeeInvis .    a - +0 flail
rCold   . . .      Faith    .    c - +0 buckler
rNeg    . . .      Spirit   .    b - +0 scale mail
rPois   .          Reflect  .    (no helmet)
rElec   .          Harm     .    (no cloak)
rCorr   .          Rampage  .    (no gloves)
Will    .....                    (no boots)
Stlth   ..........               (no amulet)
HPRegen 0.21/turn                (no ring)
MPRegen 0.08/turn                (no ring)

@: glowing, bezotted
A: sense surroundings 1, otherworldly, glowing, explore regen
a: no special abilities


You were on level 1 of the Dungeon.
You visited 1 branch of the dungeon, and saw 1 of its levels.

Inventory:

Hand Weapons
 a - a +0 flail (weapon)
Armour
 b - a +0 scale mail (worn)
 c - a +0 buckler (worn)
Scrolls
 e - a scroll of magic mapping {unknown}
Potions
 d - a potion of might
 f - a potion of brilliance {unknown}


   Skills:
 + Level 3.4 Fighting
 + Level 2.7 Maces & Flails
 + Level 3.8 Armour
 + Level 4.0 Shields


You had one spell level left.
You didn't know any spells.
Your spell library was empty.

Dungeon Overview and Level Annotations

Branches:
Dungeon (1/15) Zot: 9

Altars:


Innate Abilities, Weirdness & Mutations

You passively map a small area around you.
You are easily found by Zot.
You glow in the dark.
You regain HP and MP as you explore.


Message History

There is a staircase leading out of the dungeon here.
There is a staircase leading out of the dungeon here.
There is a staircase leading out of the dungeon here.
There is a staircase leading out of the dungeon here.
There is a staircase leading out of the dungeon here.
There is a staircase leading out of the dungeon here.
There is a staircase leading out of the dungeon here.
There is a staircase leading out of the dungeon here.
There is a staircase leading out of the dungeon here.
There is a staircase leading out of the dungeon here.
There is a staircase leading out of the dungeon here.
There is a staircase leading out of the dungeon here.
There is a staircase leading out of the dungeon here.
There is a staircase leading out of the dungeon here.
Zot draws nearer.
Dive deeper or flee this branch before you suffer!
There is a staircase leading out of the dungeon here.
There is a staircase leading out of the dungeon here.
There is a staircase leading out of the dungeon here.
There is a staircase leading out of the dungeon here.
There is a staircase leading out of the dungeon here.
Welcome back, Iusername the Meteoran Fighter.
Press ? for a list of commands and other information.
You open the door.
There is an open door here.
f - a lumpy amethyst potion A goblin comes into view.
It is wielding a +0 dagger.
The goblin shouts!
A goblin is nearby!
The goblin hits you but does no damage.
You thump the goblin!
You kill the goblin!
Your Shields skill increases to level 4!
No target in view!
No target in view!
No target in view!
No target in view!
No target in view!
No target in view!
Zot has nearly found you.
Suffering is imminent.
Descend or flee this branch!
Are you sure you want to abandon this character and quit the game? (Confirm with "yes".)

#..............*
#..............
#......).......
#####..............
#.........###.#####*
*
..........+........
#.........###.#####*
#.........# #.######
*
#.#######.###.@.....
#
#.##......##..###.#.
* , * #
.#..####....## , *
..#+#.'#..## ,
#####.#.><.#..#**
......#'#.+#....,, ,
,
.≈§§≈..####..≈≈≈≈,,
* ≈§§≈≈≈......≈≈≈≈≈
≈≈§§§≈......≈≈ ~
,***


There were no monsters in sight!

Vanquished Creatures
  A bat (D:1)
  An endoplasm (D:1)
  3 goblins (D:1)
  A frilled lizard (D:1)
  A kobold (D:1)
  A rat (D:1)
8 creatures vanquished.

Notes
Turn   | Place    | Note
-------+----------+-------------------------------------------
     0 | D:1      | Iusername the Meteoran Fighter began the quest for the Orb.
     0 | D:1      | Reached XP level 1. HP: 19/19 MP: 2/2
   500 | D:1      | Glimpsed the power of Zot.
   544 | D:1      | Glimpsed the power of Zot.
   555 | D:1      | Reached XP level 2. HP: 11/26 MP: 3/3
   581 | D:1      | Glimpsed the power of Zot.
   591 | D:1      | Touched by the power of Zot.
   692 | D:1      | Glimpsed the power of Zot.
   741 | D:1      | Glimpsed the power of Zot.
   781 | D:1      | Glimpsed the power of Zot.
   790 | D:1      | Touched by the power of Zot.
   891 | D:1      | Glimpsed the power of Zot.
   941 | D:1      | Glimpsed the power of Zot.
   981 | D:1      | Glimpsed the power of Zot.
   990 | D:1      | Touched by the power of Zot.
  1091 | D:1      | Glimpsed the power of Zot.
  1141 | D:1      | Glimpsed the power of Zot.
  1151 | D:1      | Upgraded the game from 0.30-a0-218-gedb9141078 to
                  | 0.30-a0-219-gf2db51d15e
  1170 | D:1      | Reached skill level 4 in Shields
  1180 | D:1      | Glimpsed the power of Zot.
  1181 | D:1      | Quit the game

Illustrated notes

Levels and vault maps discovered:
D:1:      dpeg_arrival_pits, layout_basic,
          shapermc_ecumenical_altar_mp_ritualfount

Skill      XL: |  1  2 |
---------------+-------+-----
Shields        | 4 |  4.0
Fighting       | |  3.4
Maces & Flails | |  2.7
Armour         | |  3.8

Action                   || total
-------------------------++-------
Melee: Flail             ||    31
Armor: Scale mail        ||    20
Dodge: Dodged            ||     9
Block: Buckler           ||     6

Table legend: (Time is in decaauts)
 A = Elapsed time spent in this place.
 B = Non-inter-level travel time spent in this place.
 C = Inter-level travel time spent in this place.
 D = Time resting spent in this place.
 E = Time spent auto-exploring this place.
 F = Levels seen in this place.
 G = Mean time per level.
                   A        B        C        D        E       F      G
               +--------+--------+--------+--------+--------+-----+--------+
         Total |   1191 |   1181 |     10 |    664 |     30 |   1 | 1191.0 |
       Dungeon |   1191 |   1181 |     10 |    664 |     30 |   1 | 1191.0 |
               +--------+--------+--------+--------+--------+-----+--------+

Top non-repeatable levels by time:
     D:1: 1191 daAuts
